 Dungeon Crawl Stone Soup version 0.32-a0-391-gce5c0aab1b (webtiles) character file.

Game seed: 11942731656894942850

13 MachoJfn the Chopper (level 2, 18/22 HPs)
             Began as a Demonspawn Gladiator on Feb 19, 2024.
             Quit the game on level 1 of the Dungeon.
             The game lasted 00:00:35 (183 turns).

MachoJfn the Chopper (Demonspawn Gladiator)          Turns: 183, Time: 00:00:36

Health: 18/22      AC:  4    Str: 14    XL:     2   Next: 24%
Magic:  2/2        EV: 12    Int:  8    God:
Gold:   21         SH:  0    Dex: 14    Spells: 1/1 levels left

rFire   . . .        a - +0 war axe
rCold   . . .        (no shield)
rNeg    . . .        b - +0 leather armour
rPois   .            c - +0 helmet
rElec   .            (no cloak)
rCorr   .            (no gloves)
SInv    .            (no boots)
Will    .....        (no amulet)
Stlth   +            (no ring)
HPRegen 0.23/turn    (no ring)
MPRegen 0.08/turn

%: no passive effects
@: no status effects
A: demonic magic 1
a: no special abilities


You were on level 1 of the Dungeon.
You visited 1 branch of the dungeon, and saw 1 of its levels.

You collected 21 gold pieces.

Inventory:

Hand Weapons
 a - a +0 war axe (weapon)
Missiles
 d - 3 throwing nets (quivered)
 e - a javelin
 g - 12 stones
Armour
 b - a +0 leather armour (worn)
 c - a +0 helmet (worn)
Scrolls
 f - a scroll of teleportation {unknown}


   Skills:
 + Level 2.0 Fighting
 + Level 3.1 Axes
 - Level 1.7 Throwing
 + Level 2.9 Dodging


You had one spell level left.
You didn't know any spells.
Your spell library was empty.

Dungeon Overview and Level Annotations

Branches:
Dungeon (1/15)

Altars:


Innate Abilities, Weirdness & Mutations

Spells you cast may paralyse adjacent enemies.


Message History

You hit the goblin. The goblin hits you but does no damage.
The rat barely misses you.
You slash the rat!
You kill the rat!
You hit the goblin.
You kill the goblin!
Your Axes skill increases to level 3!
The goblin hits you but does no damage.
You see here a rat corpse.
You slash the goblin!
You kill the goblin!
Things that are here:
a +0 club; a +0 club; a +0 dagger You now have 5 gold pieces.
g - 12 stones (gained 6)
You now have 10 gold pieces (gained 5).
You now have 21 gold pieces (gained 11).
Found a scale mail.
A bat comes into view.
A dart slug comes into view.
The bat barely misses you.
You completely miss the bat. The bat closely misses you. x2
The bat hits you. The dart slug launches a dart at you. The slug dart hits you.
The bat hits you. The bat attacks as it pursues you! The bat barely misses you.
The bat closely misses you. The bat completely misses you.
The dart slug closely misses you.
You slash the dart slug!
The dart slug is almost dead.
The bat barely misses you. The dart slug closely misses you.
You slash the dart slug!
You kill the dart slug!
You hit the bat.
You kill the bat!
You have reached level 2!
Your demonic ancestry asserts itself...
A menacing aura infuses your magic.
Are you sure you want to abandon this character and quit the game? (Confirm with "yes".)

........# ....###.#
....# #.# ....# #.#
....# #.#######+#######
....# #.##............#
....# #.##............+
....# #.##.......†....#.
....# #.##....[.@.......
....# #.#######..†......
....# #.# #.........
....###.#### #.........
...........# #.......#.
#######.##.# #.........
.........#.# #.#+#+#.##
.........#.####.#.......
########.#..............


There were no monsters in sight!

Vanquished Creatures
  A dart slug (D:1)
  A bat (D:1)
  3 goblins (D:1)
  2 rats (D:1)
7 creatures vanquished.

Notes
Turn   | Place    | Note
-------+----------+-------------------------------------------
     0 | D:1      | MachoJfn the Demonspawn Gladiator began the quest for the
                  | Orb.
     0 | D:1      | Reached XP level 1. HP: 16/16 MP: 1/1
    82 | D:1      | Reached skill level 3 in Axes
   183 | D:1      | Gained mutation: Spells you cast may paralyse adjacent
                  | enemies. [demonic ancestry]
   183 | D:1      | Reached XP level 2. HP: 18/22 MP: 2/2
   183 | D:1      | Quit the game

Illustrated notes

Levels and vault maps discovered:
D:1:      wheals_arrival_linesprint, layout_basic, corner_web_ring

Skill      XL: |  1 |
---------------+----+-----
Axes           | 3 |  3.1
Fighting       | |  2.0
Throwing       | |  1.7
Dodging        | |  2.9

Action                     || total
---------------------------++-------
  Melee: War axe           ||    11
 Armour: Leather armour    ||    10
  Dodge: Dodged            ||    11

Table legend: (Time is in decaauts)
 A = Elapsed time spent in this place.
 B = Non-inter-level travel time spent in this place.
 C = Inter-level travel time spent in this place.
 D = Time resting spent in this place.
 E = Time spent auto-exploring this place.
 F = Levels seen in this place.
 G = Mean time per level.
                   A        B        C        D        E       F      G
               +--------+--------+--------+--------+--------+-----+--------+
         Total |    187 |    164 |     23 |      0 |    131 |   1 |  187.0 |
       Dungeon |    187 |    164 |     23 |      0 |    131 |   1 |  187.0 |
               +--------+--------+--------+--------+--------+-----+--------+

Top non-repeatable levels by time:
     D:1: 187 daAuts
